3AA
RICHLAND RAILS @ SAN ANTONIO BC
09/17/2034
 
TOP OF THE 1ST
Richland Rails batting - Pitching for San Antonio BC : RHP Liam Sorrell
Pitching: RHP Liam Sorrell
Batting: RHB Hsui-chuan Hong 0-0: Ball
1-0: Called Strike
1-1: Ball
2-1: Ball
3-1: Called Strike
3-2: Ground out 6-3 (Groundball, 56)
Batting: SHB Miguel González 0-0: Swinging Strike
0-1: Ball
1-1: SINGLE (Groundball, 6MD)
Batting: RHB Tadamichi Yamamoto 0-0: Called Strike
Miguel González is caught stealing 2nd base
0-1: Ball
1-1: Swinging Strike
1-2: Ball
2-2: Strikes out looking
Top of the 1st over - 0 runs, 1 hit, 0 errors, 0 left on base; Richland 0 - San Antonio 0
BOTTOM OF THE 1ST
San Antonio BC batting - Pitching for Richland Rails : RHP Fei-hsien Cuan
Pitching: RHP Fei-hsien Cuan
Batting: RHB Alfonso Torres 0-0: Foul Ball, location: 2F
0-1: Foul Ball, location: 2F
0-2: Ball
1-2: Strikes out swinging
Batting: SHB Tom Chagolla 0-0: Ball
1-0: Swinging Strike
1-1: Ball
2-1: Ground out 5-3 (Groundball, 5)
Batting: RHB José Salinas 0-0: Called Strike
0-1: Foul Ball, location: 2F
0-2: Ground out 6-3 (Groundball, 6)
Bottom of the 1st over - 0 runs, 0 hits, 0 errors, 0 left on base; Richland 0 - San Antonio 0
TOP OF THE 2ND
Richland Rails batting - Pitching for San Antonio BC : RHP Liam Sorrell
Batting: SHB Alvin Peterson 0-0: Ground out 5-3 (Groundball, 56)
Batting: RHB Juan Sánchez 0-0: Ball
1-0: Ball
2-0: Foul Ball, location: 2F
2-1: SINGLE (Groundball, 56D)
Batting: LHB Mike Zaugg 0-0: Ball
1-0: Foul Ball, location: 2F
1-1: Ball
Wild Pitch!
Juan Sánchez to second
2-1: Called Strike
2-2: Ball
3-2: Fly out, F4 (Line Drive, 4M)
Batting: LHB Emosi Whiu 0-0: Ball
1-0: Called Strike
1-1: Ball
2-1: Swinging Strike
2-2: Foul Ball, location: 2F
2-2: Foul Ball, location: 2F
2-2: Ball
3-2: Foul Ball, location: 2F
3-2: Strikes out swinging
Top of the 2nd over - 0 runs, 1 hit, 0 errors, 1 left on base; Richland 0 - San Antonio 0
BOTTOM OF THE 2ND
San Antonio BC batting - Pitching for Richland Rails : RHP Fei-hsien Cuan
Batting: RHB Silverberry Mouhon 0-0: Ball
1-0: Fly out, F9 (Flyball, 9D)
Batting: RHB Brodie Floyd 0-0: Fly out, F2 (Popup, 2LF)
Batting: LHB Pablo Morales 0-0: Ball
1-0: Ball
2-0: Ball
3-0: Base on Balls
Batting: RHB Carlos Cardoza 0-0: Ball
1-0: Ground out 5-3 (Groundball, 56S)
Bottom of the 2nd over - 0 runs, 0 hits, 0 errors, 1 left on base; Richland 0 - San Antonio 0
TOP OF THE 3RD
Richland Rails batting - Pitching for San Antonio BC : RHP Liam Sorrell
Batting: RHB Jung-heum Ho 0-0: Ball
1-0: Ball
2-0: SINGLE (Groundball, 6MD)
Batting: RHB Rick Johnson 0-0: Foul Ball, location: 2F
0-1: Swinging Strike
0-2: Strikes out looking
Batting: RHB Hsui-chuan Hong 0-0: Ball
1-0: Swinging Strike
1-1: Fly out, F4 (Line Drive, 4)
Batting: SHB Miguel González 0-0: Ball
1-0: Ball
2-0: Called Strike
2-1: Ball
3-1: Foul Ball, location: 2F
3-2: Strikes out swinging
Top of the 3rd over - 0 runs, 1 hit, 0 errors, 1 left on base; Richland 0 - San Antonio 0
BOTTOM OF THE 3RD
San Antonio BC batting - Pitching for Richland Rails : RHP Fei-hsien Cuan
Batting: RHB Jesse Francis 0-0: Ball
1-0: Ball
2-0: Ball
3-0: Base on Balls
Batting: RHB Ramón Robles 0-0: Ball
1-0: Fielders Choice at 2nd, 4-6 (Groundball, 4M)
Batting: RHB Alfonso Torres 0-0: Ball
1-0: Fly out, F3 (Popup, 34S)
Batting: SHB Tom Chagolla 0-0: Called Strike
0-1: Ball
1-1: Ball
Ramón Robles steals 2nd base
2-1: Ball
3-1: Ground out 5-3 (Groundball, 56S)
Bottom of the 3rd over - 0 runs, 0 hits, 0 errors, 1 left on base; Richland 0 - San Antonio 0
TOP OF THE 4TH
Richland Rails batting - Pitching for San Antonio BC : RHP Liam Sorrell
Batting: RHB Tadamichi Yamamoto 0-0: Ball
1-0: Called Strike
1-1: SINGLE (Groundball, 25) (infield hit)
Batting: SHB Alvin Peterson 0-0: DOUBLE (Groundball, 5L)
Tadamichi Yamamoto to third
Batting: RHB Juan Sánchez 0-0: Called Strike
0-1: Ball
1-1: Ground out U3 (Groundball, 34)
Tadamichi Yamamoto scores
Alvin Peterson to third
Batting: LHB Mike Zaugg 0-0: Ball
1-0: Ground out 6-3 (Groundball, 6S)
Alvin Peterson scores
Batting: LHB Emosi Whiu 0-0: Ball
1-0: Ball
2-0: SINGLE (Line Drive, 56D)
Batting: RHB Jung-heum Ho 0-0: Ball
1-0: Foul Ball, location: 2F
1-1: Ball
2-1: Ground out 5-3 (Groundball, 56)
Top of the 4th over - 2 runs, 3 hits, 0 errors, 1 left on base; Richland 2 - San Antonio 0
BOTTOM OF THE 4TH
San Antonio BC batting - Pitching for Richland Rails : RHP Fei-hsien Cuan
Batting: RHB José Salinas 0-0: Fly out, F8 (Flyball, 8RS)
Batting: RHB Silverberry Mouhon 0-0: Ball
1-0: Ball
2-0: Foul Ball, location: 2F
2-1: Ground out 6-3 (Groundball, 6)
Batting: RHB Brodie Floyd 0-0: Ball
1-0: Swinging Strike
1-1: SINGLE (Groundball, 6MD)
Batting: LHB Pablo Morales 0-0: Swinging Strike
0-1: Swinging Strike
0-2: Strikes out looking
Bottom of the 4th over - 0 runs, 1 hit, 0 errors, 1 left on base; Richland 2 - San Antonio 0
TOP OF THE 5TH
Richland Rails batting - Pitching for San Antonio BC : RHP Liam Sorrell
Batting: RHB Rick Johnson 0-0: Called Strike
0-1: Foul Ball, location: 2F
0-2: Ball
1-2: Ball
2-2: Strikes out looking
Batting: RHB Hsui-chuan Hong 0-0: Ball
1-0: Ball
2-0: Ball
3-0: Base on Balls
Batting: SHB Miguel González 0-0: Swinging Strike
0-1: Ball
1-1: Ball
2-1: Grounds into double play, 6-4-3 (Groundball, 6M)
Top of the 5th over - 0 runs, 0 hits, 0 errors, 0 left on base; Richland 2 - San Antonio 0
BOTTOM OF THE 5TH
San Antonio BC batting - Pitching for Richland Rails : RHP Fei-hsien Cuan
Batting: RHB Carlos Cardoza 0-0: Ball
1-0: Ball
2-0: Ball
3-0: Base on Balls
Batting: RHB Jesse Francis 0-0: Called Strike
0-1: Foul Ball, location: 2F
0-2: Foul Ball, location: 2F
0-2: Foul Ball, location: 2F
0-2: Ball
1-2: Grounds into double play, 4-6-3 (Groundball, 34)
Batting: RHB Ramón Robles 0-0: Called Strike
0-1: Bunted foul
0-2: Ball
1-2: Foul Ball, location: 2F
1-2: Ball
2-2: Ball
3-2: Ground out 4-3 (Groundball, 4M)
Bottom of the 5th over - 0 runs, 0 hits, 0 errors, 0 left on base; Richland 2 - San Antonio 0
TOP OF THE 6TH
Richland Rails batting - Pitching for San Antonio BC : RHP Liam Sorrell
Batting: RHB Tadamichi Yamamoto 0-0: Swinging Strike
0-1: Swinging Strike
0-2: Ball
1-2: Strikes out swinging
Batting: SHB Alvin Peterson 0-0: SINGLE (Groundball, 4MD)
Batting: RHB Juan Sánchez 0-0: Called Strike
0-1: Ball
1-1: Swinging Strike
1-2: Strikes out swinging
Batting: LHB Mike Zaugg 0-0: Ball
1-0: Fly out, F9 (Line Drive, 9D)
Top of the 6th over - 0 runs, 1 hit, 0 errors, 1 left on base; Richland 2 - San Antonio 0
BOTTOM OF THE 6TH
San Antonio BC batting - Pitching for Richland Rails : RHP Fei-hsien Cuan
Batting: RHB Alfonso Torres 0-0: Called Strike
0-1: Called Strike
0-2: Ball
1-2: Foul Ball, location: 2F
1-2: Ball
2-2: SINGLE (Groundball, 56D)
Batting: SHB Tom Chagolla 0-0: SINGLE (Line Drive, 8RS)
Alfonso Torres to second
Batting: RHB José Salinas 0-0: Called Strike
0-1: Called Strike
0-2: Reached on error, E5 (Groundball, 5)
Alfonso Torres to third
Tom Chagolla to second
Pitching: RHP Jing Hsi
Batting: RHB Silverberry Mouhon 0-0: Ball
1-0: GRAND SLAM HOME RUN (Flyball, 7LD), Distance : 369 ft
Batting: RHB Brodie Floyd 0-0: Foul Ball, location: 2F
0-1: Ground out 6-3 (Groundball, 6M)
Batting: LHB Pablo Morales 0-0: Foul Ball, location: 2F
0-1: Called Strike
0-2: Ball
1-2: Ground out 5-3 (Groundball, 56)
Batting: RHB Carlos Cardoza 0-0: Ball
1-0: Foul Ball, location: 2F
1-1: Ball
2-1: SINGLE (Groundball, 56D)
Batting: RHB Jesse Francis 0-0: Called Strike
0-1: Ball
1-1: Swinging Strike
1-2: Ball
2-2: Ball
3-2: Base on Balls
Carlos Cardoza to second
Batting: RHB Ramón Robles 0-0: Ball
1-0: SINGLE (Line Drive, 4MD)
Carlos Cardoza to third
Jesse Francis to second
Runner from 3rd tries for Home, SAFE, no throw
Pitching: RHP Jim Perry
Batting: RHB Alfonso Torres 0-0: Called Strike
0-1: Swinging Strike
0-2: Ball
1-2: Foul Ball, location: 2F
1-2: Ball
2-2: Fielders Choice at 2nd, 6-4 (Groundball, 6)
Bottom of the 6th over - 5 runs, 5 hits, 1 error, 2 left on base; Richland 2 - San Antonio 5
TOP OF THE 7TH
Richland Rails batting - Pitching for San Antonio BC : RHP Liam Sorrell
Batting: LHB Emosi Whiu 0-0: Ball
1-0: Called Strike
1-1: Swinging Strike
1-2: Foul Ball, location: 2F
1-2: Ball
2-2: SINGLE (Line Drive, 56D)
Batting: RHB Jung-heum Ho 0-0: Bunt - Flyout! F2
Batting: RHB Rick Johnson 0-0: Called Strike
0-1: Ball
1-1: Ball
2-1: DOUBLE (Line Drive, 78M)
Emosi Whiu to third
Batting: RHB Hsui-chuan Hong 0-0: Ball
1-0: SINGLE (Groundball, 34D)
Emosi Whiu scores
Rick Johnson to third
Runner from 3rd tries for Home, SAFE, no throw
Batting: SHB Miguel González 0-0: DOUBLE (Flyball, 8LD)
Hsui-chuan Hong to third
Batting: RHB Tadamichi Yamamoto 0-0: Ball
1-0: Ground out 6-3 (Groundball, 6)
Pitching: LHP Ken Borrego
Batting: SHB Alvin Peterson 0-0: Ball
1-0: Swinging Strike
1-1: Swinging Strike
1-2: Foul Ball, location: 2F
1-2: Strikes out swinging
Top of the 7th over - 2 runs, 4 hits, 0 errors, 2 left on base; Richland 4 - San Antonio 5
BOTTOM OF THE 7TH
San Antonio BC batting - Pitching for Richland Rails : RHP Jim Perry
Batting: SHB Tom Chagolla 0-0: Ball
1-0: Foul Ball, location: 2F
1-1: Ball
2-1: Swinging Strike
2-2: Ball
3-2: Fly out, F2 (Popup, 23F)
Batting: RHB José Salinas 0-0: Called Strike
0-1: Foul Ball, location: 2F
0-2: Ball
1-2: SINGLE (Line Drive, 7LM)
Batting: RHB Silverberry Mouhon 0-0: Called Strike
0-1: Called Strike
0-2: SINGLE (Flyball, 78S)
José Salinas to second
Batting: RHB Brodie Floyd 0-0: Called Strike
0-1: Swinging Strike
0-2: Grounds into double play, 4-6-3 (Groundball, 4M)
Bottom of the 7th over - 0 runs, 2 hits, 0 errors, 1 left on base; Richland 4 - San Antonio 5
TOP OF THE 8TH
Richland Rails batting - Pitching for San Antonio BC : LHP Ken Borrego
Now at 3B: Ben Hampton
Now at SS: Peter Ough
Batting: RHB Juan Sánchez 0-0: Called Strike
0-1: Ball
1-1: Ball
2-1: Fly out, F7 (Flyball, 7)
Batting: LHB Mike Zaugg 0-0: Called Strike
0-1: Ball
1-1: Called Strike
1-2: Strikes out swinging
Batting: LHB Emosi Whiu 0-0: Ball
1-0: Ground out 6-3 (Groundball, 56D)
Top of the 8th over - 0 runs, 0 hits, 0 errors, 0 left on base; Richland 4 - San Antonio 5
BOTTOM OF THE 8TH
San Antonio BC batting - Pitching for Richland Rails : RHP Jim Perry
Batting: LHB Pablo Morales 0-0: Ball
1-0: Fly out, F6 (Popup, 6)
Batting: RHB Carlos Cardoza 0-0: Called Strike
0-1: SINGLE (Groundball, 56D)
Batting: RHB Jesse Francis 0-0: Called Strike
0-1: Swinging Strike
0-2: Ball
1-2: SINGLE (Line Drive, 4M)
Carlos Cardoza to second
Batting: RHB Ramón Robles 0-0: Called Strike
0-1: Grounds into double play, 6-4-3 (Groundball, 56)
Bottom of the 8th over - 0 runs, 2 hits, 0 errors, 1 left on base; Richland 4 - San Antonio 5
TOP OF THE 9TH
Richland Rails batting - Pitching for San Antonio BC : LHP Ken Borrego
Pitching: RHP Salvador Villegas
Batting: RHB Jung-heum Ho 0-0: Called Strike
0-1: Ball
1-1: Called Strike
1-2: Ball
2-2: Ball
3-2: Fly out, F8 (Flyball, 8RD)
Batting: RHB Rick Johnson 0-0: Foul Ball, location: 2F
0-1: Swinging Strike
0-2: Ball
1-2: Strikes out swinging, 2-3 out at first.
Batting: RHB Hsui-chuan Hong 0-0: Ground out 4-3 (Groundball, 34)
Top of the 9th over - 0 runs, 0 hits, 0 errors, 0 left on base; Richland 4 - San Antonio 5
Friday, March 29th, 2019 - OOTP Baseball 18.8 Build 76